 Dungeon Crawl Stone Soup version 0.25.0-1-g7eea58d (webtiles) character file.

Game seed: 4908738241131565046

654 lyrin the Slasher (level 7, -3/41 HPs)
             Began as a Halfling Ice Elementalist on June 27, 2020.
             Was a Believer of Qazlal.
             Slain by an ice beast (14 damage)
             ... on level 5 of the Dungeon.
             The game lasted 00:12:38 (5863 turns).

lyrin the Slasher (Halfling Ice Elementalist)       Turns: 5863, Time: 00:12:38

Health: -3/41      AC:  2    Str: 17    XL:     7   Next: 84%
Magic:  10/10      EV: 16    Int: 13    God:    Qazlal [**....]
Gold:   237        SH:  3    Dex: 15    Spells: 6/10 levels left

rFire    . . .     SeeInvis .   k - +1 scimitar (holy)
rCold    . . .     Gourm    .   (shield restricted)
rNeg     . . .     Faith    .   a - +0 robe
rPois    .         Spirit   .   (no helmet)
rElec    .         Reflect  .   (no cloak)
rCorr    .         Harm     .   (no gloves)
MR       .....                  (no boots)
Stlth    ++........             (no amulet)
HPRegen  0.13/turn              g - +6 ring of strength
MPRegen  0.12/turn              (no ring)

@: no status effects
A: small, mutation resistance 1
a: Upheaval, Renounce Religion


You were on level 5 of the Dungeon.
You worshipped Qazlal.
Qazlal was pleased with you.
You were not hungry.

You visited 1 branch of the dungeon, and saw 5 of its levels.
You also visited: Sewer.

You collected 237 gold pieces.

Inventory:

Hand Weapons
 k - a +1 scimitar of holy wrath (weapon)
Missiles
 u - 19 poisoned darts (quivered)
Armour
 a - a +0 robe (worn)
 j - a +0 chain mail
 r - a +1 ring mail of magic resistance
Jewellery
 g - a +6 ring of strength (left hand)
 t - an uncursed ring of positive energy {unknown}
Wands
 p - a wand of polymorph (10)
Scrolls
 b - a scroll of enchant armour {unknown}
 i - a scroll of magic mapping {unknown}
 l - 6 scrolls of identify {unknown}
 o - 5 scrolls of teleportation {unknown}
 q - a scroll of fog {unknown}
 w - a scroll of amnesia {unknown}
 x - a scroll of remove curse {unknown}
Potions
 d - a potion of invisibility
 e - a potion of berserk rage {unknown}
 f - a potion of magic
 h - 2 potions of resistance
 m - a potion of curing
 n - 3 potions of flight
 s - 3 potions of lignification {unknown}
 v - a potion of brilliance {unknown}
 z - a potion of stabbing {unknown}
Comestibles
 c - 6 rations


   Skills:
 * Level 5.6 Long Blades
 + Level 1.3 Armour
 + Level 3.3 Dodging
 - Level 2.1 Stealth
 - Level 0.9 Unarmed Combat
 - Level 2.3 Spellcasting
 + Level 5.3 Ice Magic


You had 6 spell levels left.
You knew the following spells:

 Your Spells              Type           Power        Failure   Level  Hunger
a - Freeze                Ice            ###.         2%          1    #......
b - Frozen Ramparts       Ice            ###...       9%          3    ###....

Your spell library contained the following spells:

 Spells                   Type           Power        Failure   Level  Hunger
 Ozocubu's Armour         Chrm/Ice       #.......     24%         3    ###....
 Hailstorm                Conj/Ice       #.......     63%         4    #####..
 Summon Ice Beast         Ice/Summ       #.......     63%         4    #####..


Dungeon Overview and Level Annotations

Branches:
Dungeon (5/15)              Sewer (visited)
 Temple: D:4-7

Altars:
Dithmenos
Fedhas
Qazlal
Trog


Innate Abilities, Weirdness & Mutations

You are small and have problems with some larger weapons.
You are somewhat resistant to further mutation.


Message History

You eat one of the 7 rations.
That ration really hit the spot!
You block the ice beast's attack.
There is a stone staircase leading down here.
You slash the ice beast!
The ice beast is almost dead.
The ice beast hits you but does no damage.
You barely miss the ice beast.
The ice beast is almost dead.
The ice beast barely misses you.
You closely miss the ice beast.
The ice beast is almost dead.
The ice beast hits you. The ice beast freezes you!
You barely miss the ice beast.
The ice beast is almost dead.
The ice beast hits you. The ice beast freezes you.
* * * LOW HITPOINT WARNING * * *
The ice beast hits you.
* * * LOW HITPOINT WARNING * * *
The ice beast freezes you!
You die...

# ######### ###
...)..... ..###
#.######### #.#..
..# ##......<.#
#.#.# #.#
#.#######># #.#.#
#.# .## #.# #.#.#
#.# ##
#.###.#.#######.#
#
#.....°Y@....##.#
######..####.##.#
#..####.##.#
#.......<..#
#.#####.#### #.#
#.# #.# #.# #.#
#.# #.#


You could see an ice beast.

Vanquished Creatures
  2 phantoms
  An ogre (D:4)
  A crimson imp (D:5)
  A hound (D:4)
  2 orc priests (D:4)
  An iguana (D:4)
  An orc wizard (D:4)
  8 adders
  3 river rats (D:4)
  4 oozes (Sewer)
  4 worms
  4 dart slugs
  2 leopard geckos (Sewer)
  10 orcs
  3 ball pythons
  5 giant cockroaches
  4 goblins
  2 hobgoblins (D:1)
  10 jackals
  A quokka (D:5)
  12 bats
  7 frilled lizards
  3 kobolds
  4 rats
95 creatures vanquished.

Notes
Turn   | Place    | Note
-------+----------+-------------------------------------------
     0 | D:1      | lyrin the Halfling Ice Elementalist began the quest for the
                  | Orb.
     0 | D:1      | Reached XP level 1. HP: 11/11 MP: 3/3
   384 | D:1      | Reached XP level 2. HP: 14/17 MP: 1/4
  1300 | D:2      | Reached XP level 3. HP: 21/21 MP: 0/6
  1511 | D:2      | Found a blossoming altar of Fedhas.
  1517 | D:2      | Found a stormy altar of Qazlal.
  1527 | D:2      | Became a worshipper of Qazlal Stormbringer
  1582 | D:2      | You fall into a shaft and drop 1 floor!
  2197 | D:2      | Reached XP level 4. HP: 27/27 MP: 7/7
  2760 | D:4      | Learned a level 3 spell: Frozen Ramparts
  2789 | D:4      | Reached skill level 1 in Long Blades
  2993 | D:4      | Noticed a phantom
  3004 | D:4      | Reached skill level 1 in Armour
  3004 | D:4      | Reached XP level 5. HP: 23/31 MP: 8/8
  3246 | D:4      | Reached * piety under Qazlal
  3281 | D:4      | Reached XP level 6. HP: 26/36 MP: 2/9
  3310 | D:4      | Found a glowing drain.
  3315 | Sewer    | Entered a sewer
  3695 | Sewer    | Reached ** piety under Qazlal
  3966 | Sewer    | Reached skill level 5 in Ice Magic
  4267 | D:4      | Killed a phantom
  4267 | D:4      | Reached XP level 7. HP: 31/41 MP: 7/10
  4534 | D:4      | Found a shadowy altar of Dithmenos.
  4705 | D:4      | Reached skill level 5 in Long Blades
  4912 | D:4      | Found a bloodstained altar of Trog.
  4986 | D:5      | Entered Level 5 of the Dungeon
  5351 | D:5      | HP: 2/41 [ice beast (12)]
  5863 | D:5      | Slain by an ice beast

Illustrated notes

Levels and vault maps discovered:
D:1:      minmay_arrival_four_loops, layout_basic, minmay_pentomino_p4
D:2:      layout_basic, grunt_temple_overflow_forces_of_nature
D:3:      layout_rooms, first_ration
D:4:      layout_loops_ring, lightli_temple_of_fire,
          grunt_dithmenos_smoke_and_mirrors, lightli_sewer_entry_pipes,
          minmay_fractal_squares_diagonal_5
D:5:      minmay_razor_zed, layout_loops_ring

Skill      XL: |  1  2  3  4  5  6  7 |
---------------+----------------------+-----
Spellcasting   | 2 |  2.3
Long Blades    | 1 2 4 5 |  5.6
Armour         | 1 |  1.3
Ice Magic      | 5 |  5.3
Dodging        | 3 |  3.3
Stealth        | |  2.1
Unarmed Combat | |  0.9

Action                   |  1- 3 |  4- 6 |  7- 9 || total
-------------------------+-------+-------+-------++-------
Melee: Unarmed           |    44 |       |       ||    44
       Scimitar          |     3 |    94 |    39 ||   136
 Cast: Freeze            |    41 |    30 |     2 ||    73
       Frozen Ramparts   |       |     5 |     3 ||     8
  Use: Potion            |       |     6 |       ||     6
 Stab: Sleeping          |       |     1 |       ||     1
       Invisible         |       |     1 |       ||     1
  Eat: Chunk             |     5 |     9 |     3 ||    17
       Ration            |       |       |     1 ||     1
Armor: Robe              |     5 |    27 |     7 ||    39
       Chain mail        |    74 |    12 |       ||    86
Dodge: Dodged            |    90 |   143 |    27 ||   260
Block: Other             |       |     7 |     5 ||    12
       Rpst.: Scimitar   |       |    35 |     8 ||    43
